TOP OF THE 1ST |
Louisville BC batting - Pitching for Houston 1837 BBC : RHP Gary Bailey
|
Pitching: RHP Gary Bailey
|
|
Batting: LHB Carroll Martin
|
0-0: Ball 1-0: SINGLE (Groundball, 34D)
|
Batting: RHB José López
|
0-0: Ball 1-0: DOUBLE (Flyball, 89D) Carroll Martin to third
|
Batting: RHB Andrés Rodríguez
|
0-0: Called Strike 0-1: Ball 1-1: Foul Ball, location: 2F 1-2: Foul Ball, location: 2F 1-2: Fly out, F9 (Flyball, 89XD) Runner from 3rd tags up, SCORES, no throw
|
Batting: RHB Chi-ju Zhang
|
0-0: Ball 1-0: Foul Ball, location: 2F 1-1: Ball 2-1: SINGLE (Groundball, 56D) José López to third
|
Batting: LHB Tim Hargrove
|
0-0: Called Strike 0-1: DOUBLE (Flyball, 89D) José López scores Chi-ju Zhang to third
|
Batting: LHB Arturo Acevedo
|
0-0: DOUBLE (Line Drive, 9LS) Chi-ju Zhang scores Tim Hargrove scores
|
Batting: SHB Adrián Pueblo
|
0-0: Swinging Strike 0-1: Ball 1-1: Called Strike 1-2: Ball 2-2: Ground out 1-3 (Groundball, 13) Arturo Acevedo to third
|
Batting: SHB Chris Williamson
|
0-0: Ball 1-0: Ball 2-0: Fly out, F7 (Flyball, 7LMF)
|
Top of the 1st over - 4 run(s), 5 hit(s), 0 error(s), 1 left on base; Louisville 4 - Houston 0 |
BOTTOM OF THE 1ST |
Houston 1837 BBC batting - Pitching for Louisville BC : RHP Ron Stone
|
Pitching: RHP Ron Stone
|
|
Batting: LHB Eugene Lawrence
|
0-0: Ball 1-0: Ball 2-0: Ball 3-0: Called Strike 3-1: Called Strike 3-2: Strikes out swinging
|
Batting: LHB Jack Robbins
|
0-0: Called Strike 0-1: Called Strike 0-2: Ball 1-2: Ball 2-2: Strikes out swinging
|
Batting: LHB José Marín
|
0-0: Ball 1-0: DOUBLE (Line Drive, 9LM)
|
Batting: RHB Tracy Parker
|
0-0: Foul Ball, location: 2F 0-1: Ball 1-1: Ball 2-1: Called Strike 2-2: Foul Ball, location: 2F 2-2: Fly out, F9 (Line Drive, 9M)
|
Bottom of the 1st over - 0 run(s), 1 hit(s), 0 error(s), 1 left on base; Louisville 4 - Houston 0 |
TOP OF THE 2ND |
Louisville BC batting - Pitching for Houston 1837 BBC : RHP Gary Bailey
|
Batting: RHB Cliff May
|
0-0: Swinging Strike 0-1: Ball 1-1: TRIPLE (Line Drive, 89XD)
|
Batting: LHB Carroll Martin
|
0-0: Called Strike 0-1: Called Strike 0-2: Ball 1-2: Strikes out swinging
|
Batting: RHB José López
|
0-0: Ball 1-0: Called Strike 1-1: Ball 2-1: Swinging Strike 2-2: Strikes out swinging
|
Batting: RHB Andrés Rodríguez
|
0-0: Called Strike 0-1: Called Strike 0-2: Ball 1-2: Foul Ball, location: 2F 1-2: Ball 2-2: SINGLE (Groundball, 56D) Cliff May scores
|
Batting: RHB Chi-ju Zhang
|
0-0: Called Strike 0-1: SINGLE (Groundball, 4MD) Andrés Rodríguez to second Runner from 2nd tries for 3rd, SAFE, throw made to third
|
Batting: LHB Tim Hargrove
|
0-0: Ball 1-0: Fly out, F8 (Flyball, 89M)
|
Top of the 2nd over - 1 run(s), 3 hit(s), 0 error(s), 2 left on base; Louisville 5 - Houston 0 |
BOTTOM OF THE 2ND |
Houston 1837 BBC batting - Pitching for Louisville BC : RHP Ron Stone
|
Batting: LHB Alberto Torres
|
0-0: Ball 1-0: Foul Ball, location: 2F 1-1: Ball 2-1: Ball 3-1: Base on Balls
|
Batting: LHB Chris Gregory
|
0-0: Called Strike 0-1: Ball 1-1: Ball 2-1: Called Strike 2-2: Fly out, F9 (Flyball, 9D)
|
Batting: RHB Claudio Mendoza
|
0-0: Called Strike 0-1: Foul Ball, location: 2F 0-2: Ball 1-2: Ball 2-2: Fly out, F8 (Flyball, 8LD)
|
Batting: LHB Mark McClear
|
0-0: Ball 1-0: DOUBLE (Line Drive, 3D) Alberto Torres to third Runner from 3rd tries for Home, SAFE, no throw or cutoff
|
Batting: LHB Juan Gabriel
|
0-0: Ball 1-0: Ball 2-0: Ball 3-0: Base on Balls
|
Batting: LHB Eugene Lawrence
|
0-0: Fly out, F8 (Flyball, 8RM)
|
Bottom of the 2nd over - 1 run(s), 1 hit(s), 0 error(s), 2 left on base; Louisville 5 - Houston 1 |
TOP OF THE 3RD |
Louisville BC batting - Pitching for Houston 1837 BBC : RHP Gary Bailey
|
Batting: LHB Arturo Acevedo
|
0-0: Swinging Strike 0-1: Swinging Strike 0-2: Foul Ball, location: 2F 0-2: Strikes out looking
|
Batting: SHB Adrián Pueblo
|
0-0: Foul Ball, location: 2F 0-1: Foul Ball, location: 2F 0-2: Foul Ball, location: 2F 0-2: Foul Ball, location: 2F 0-2: Strikes out swinging
|
Batting: SHB Chris Williamson
|
0-0: Called Strike 0-1: Foul Ball, location: 2F 0-2: Ground out 6-3 (Groundball, 6)
|
Top of the 3rd over - 0 run(s), 0 hit(s), 0 error(s), 0 left on base; Louisville 5 - Houston 1 |
BOTTOM OF THE 3RD |
Houston 1837 BBC batting - Pitching for Louisville BC : RHP Ron Stone
|
Batting: LHB Jack Robbins
|
0-0: Called Strike 0-1: Ball 1-1: Ground out 6-3 (Groundball, 6)
|
Batting: LHB José Marín
|
0-0: Called Strike 0-1: Ball 1-1: Fly out, F7 (Line Drive, 7S)
|
Batting: RHB Tracy Parker
|
0-0: Called Strike 0-1: Ball 1-1: Swinging Strike 1-2: Ball 2-2: Foul Ball, location: 2F 2-2: Foul Ball, location: 2F 2-2: Fly out, F7 (Line Drive, 7S)
|
Bottom of the 3rd over - 0 run(s), 0 hit(s), 0 error(s), 0 left on base; Louisville 5 - Houston 1 |
TOP OF THE 4TH |
Louisville BC batting - Pitching for Houston 1837 BBC : RHP Gary Bailey
|
Batting: RHB Cliff May
|
0-0: Ball 1-0: Called Strike 1-1: Ball 2-1: SINGLE (Line Drive, 7LS)
|
Batting: LHB Carroll Martin
|
0-0: Ground out 3-1 (Groundball, 34) Cliff May to second
|
Batting: RHB José López
|
0-0: Hit by Pitch
|
Batting: RHB Andrés Rodríguez
|
0-0: Foul Ball, location: 2F 0-1: Ball 1-1: Ball 2-1: Swinging Strike 2-2: Grounds into double play, 5-4-3 (Groundball, 5)
|
Top of the 4th over - 0 run(s), 1 hit(s), 0 error(s), 1 left on base; Louisville 5 - Houston 1 |
BOTTOM OF THE 4TH |
Houston 1837 BBC batting - Pitching for Louisville BC : RHP Ron Stone
|
Batting: LHB Alberto Torres
|
0-0: Fly out, F8 (Flyball, 8LXD)
|
Batting: LHB Chris Gregory
|
0-0: Called Strike 0-1: Ball 1-1: Ground out 5-3 (Groundball, 56S)
|
Batting: RHB Claudio Mendoza
|
0-0: Ball 1-0: Called Strike 1-1: Called Strike 1-2: Strikes out swinging
|
Bottom of the 4th over - 0 run(s), 0 hit(s), 0 error(s), 0 left on base; Louisville 5 - Houston 1 |
TOP OF THE 5TH |
Louisville BC batting - Pitching for Houston 1837 BBC : RHP Gary Bailey
|
Pitching: RHP Toshiro Saikawa
|
|
Batting: RHB Chi-ju Zhang
|
0-0: Called Strike 0-1: Fly out, F9 (Flyball, 9S)
|
Batting: LHB Tim Hargrove
|
0-0: Reached on error, E4 (Groundball, 4)
|
Batting: LHB Arturo Acevedo
|
0-0: Ball 1-0: Ball 2-0: Foul Ball, location: 2F 2-1: Ball 3-1: Foul Ball, location: 2F 3-2: DOUBLE (Line Drive, 89M) Tim Hargrove to third Tim Hargrove scores
|
Batting: SHB Adrián Pueblo
|
0-0: Ball 1-0: SINGLE (Groundball, 56D) Arturo Acevedo to third Runner from 3rd tries for Home, SAFE, no throw or cutoff
|
Batting: SHB Chris Williamson
|
0-0: Called Strike 0-1: Called Strike 0-2: Ball 1-2: Ball 2-2: Fly out, F9 (Flyball, 9D)
|
Batting: RHB Cliff May
|
0-0: Called Strike 0-1: Foul Ball, location: 2F 0-2: Fly out, F9 (Flyball, 9M)
|
Top of the 5th over - 2 run(s), 2 hit(s), 1 error(s), 1 left on base; Louisville 7 - Houston 1 |
BOTTOM OF THE 5TH |
Houston 1837 BBC batting - Pitching for Louisville BC : RHP Ron Stone
|
Pitching: RHP Vincente Ortíz
|
|
Batting: LHB Mark McClear
|
0-0: Foul Ball, location: 2F 0-1: Ball 1-1: Ball 2-1: Foul Ball, location: 2F 2-2: Foul Ball, location: 2F 2-2: Ground out 6-3 (Groundball, 6M)
|
Batting: LHB Juan Gabriel
|
0-0: Ground out 1-3 (Groundball, 15S)
|
Batting: LHB Eugene Lawrence
|
0-0: Called Strike 0-1: Ball 1-1: Ground out 1-3 (Groundball, 13)
|
Bottom of the 5th over - 0 run(s), 0 hit(s), 0 error(s), 0 left on base; Louisville 7 - Houston 1 |
TOP OF THE 6TH |
Louisville BC batting - Pitching for Houston 1837 BBC : RHP Toshiro Saikawa
|
Pinch Hitting: RHB Keith Best
|
0-0: Foul Ball, location: 2F 0-1: Foul Ball, location: 2F 0-2: Ground out 1-3 (Groundball, 15)
|
Pitching: LHP Arnold Berry
|
|
Pinch Hitting: LHB Felipe López
|
0-0: Ball 1-0: Fly out, F7 (Flyball, 7LMF)
|
Pinch Hitting: RHB Noriaki Okada
|
0-0: Ball 1-0: Foul Ball, location: 2F 1-1: Ball 2-1: Ball 3-1: Foul Ball, location: 2F 3-2: Base on Balls
|
Batting: RHB Chi-ju Zhang
|
0-0: Foul Ball, location: 2F 0-1: Swinging Strike 0-2: Ball 1-2: Ball 2-2: Strikes out swinging
|
Top of the 6th over - 0 run(s), 0 hit(s), 0 error(s), 1 left on base; Louisville 7 - Houston 1 |
BOTTOM OF THE 6TH |
Houston 1837 BBC batting - Pitching for Louisville BC : RHP Vincente Ortíz
|
Now at 1B: Keith Best
|
|
Now at 2B: Noriaki Okada
|
|
Now in LF: Felipe López
|
|
Batting: LHB Jack Robbins
|
0-0: Ball 1-0: Called Strike 1-1: Called Strike 1-2: Ball 2-2: Ball 3-2: Foul Ball, location: 2F 3-2: Base on Balls
|
Batting: LHB José Marín
|
0-0: Ball 1-0: Fly out, F2 (Popup, 2R)
|
Batting: RHB Tracy Parker
|
0-0: Ball 1-0: SINGLE (Line Drive, 34) Jack Robbins to second
|
Batting: LHB Alberto Torres
|
0-0: Grounds into double play, 4-6-3 (Groundball, 4)
|
Bottom of the 6th over - 0 run(s), 1 hit(s), 0 error(s), 1 left on base; Louisville 7 - Houston 1 |
TOP OF THE 7TH |
Louisville BC batting - Pitching for Houston 1837 BBC : LHP Arnold Berry
|
Batting: LHB Joram Nelen
|
0-0: Foul Ball, location: 2F 0-1: Ball 1-1: Ground out 1-3 (Groundball, 15)
|
Batting: LHB Arturo Acevedo
|
0-0: Ball 1-0: Ball 2-0: Ball 3-0: Base on Balls
|
Pitching: LHP Brian Wheeler
|
|
Batting: SHB Adrián Pueblo
|
0-0: Called Strike 0-1: Swinging Strike 0-2: Ball 1-2: Foul Ball, location: 2F 1-2: Ball Wild Pitch! Arturo Acevedo to second 2-2: Ball 3-2: Strikes out swinging
|
Batting: SHB Chris Williamson
|
0-0: Ball Wild Pitch! Arturo Acevedo to third 1-0: Called Strike 1-1: Foul Ball, location: 2F 1-2: Strikes out swinging
|
Top of the 7th over - 0 run(s), 0 hit(s), 0 error(s), 1 left on base; Louisville 7 - Houston 1 |
BOTTOM OF THE 7TH |
Houston 1837 BBC batting - Pitching for Louisville BC : RHP Vincente Ortíz
|
Batting: LHB Chris Gregory
|
0-0: Ball 1-0: SINGLE (Flyball, 8LS)
|
Batting: RHB Claudio Mendoza
|
0-0: Called Strike 0-1: Fly out, F9 (Flyball, 89M)
|
Batting: LHB Mark McClear
|
0-0: Ball 1-0: Ball 2-0: Ball 3-0: Called Strike 3-1: Called Strike 3-2: Foul Ball, location: 2F 3-2: DOUBLE (Line Drive, 8RXD) Chris Gregory to third Chris Gregory scores
|
Batting: LHB Juan Gabriel
|
0-0: Ball 1-0: Swinging Strike 1-1: SINGLE (Flyball, 7LS) Mark McClear to third
|
Pinch Hitting: RHB Bob Campbell
|
0-0: Foul Ball, location: 2F 0-1: Ball 1-1: Called Strike 1-2: Grounds into double play, 6-4-3 (Groundball, 6)
|
Bottom of the 7th over - 1 run(s), 3 hit(s), 0 error(s), 1 left on base; Louisville 7 - Houston 2 |
TOP OF THE 8TH |
Louisville BC batting - Pitching for Houston 1837 BBC : LHP Brian Wheeler
|
Now at 3B: Bob Campbell
|
|
Batting: RHB Cliff May
|
0-0: Called Strike 0-1: Ball 1-1: Ground out 6-3 (Groundball, 6)
|
Batting: RHB Keith Best
|
0-0: Foul Ball, location: 2F 0-1: Foul Ball, location: 2F 0-2: Foul Ball, location: 2F 0-2: Ball 1-2: Strikes out swinging, 2-3 out at first.
|
Batting: LHB Felipe López
|
0-0: Ball 1-0: Ball 2-0: Swinging Strike 2-1: Ground out 4-3 (Groundball, 4M)
|
Top of the 8th over - 0 run(s), 0 hit(s), 0 error(s), 0 left on base; Louisville 7 - Houston 2 |
BOTTOM OF THE 8TH |
Houston 1837 BBC batting - Pitching for Louisville BC : RHP Vincente Ortíz
|
Batting: RHB Bob Dickerson
|
0-0: Ball 1-0: Called Strike 1-1: Swinging Strike 1-2: Ball 2-2: DOUBLE (Line Drive, 9LM)
|
Pinch Hitting: RHB Kumanosuke Abe
|
0-0: Called Strike 0-1: Ball 1-1: Ball 2-1: Ball 3-1: Swinging Strike 3-2: Fly out, F8 (Flyball, 8LM)
|
Pitching: RHP Antonio Godfrey
|
|
Pinch Hitting: RHB Bob Sargent
|
0-0: Foul Ball, location: 2F 0-1: Ground out 1-3 (Groundball, 15)
|
Pinch Hitting: LHB Brad Lawrence
|
0-0: Ball 1-0: Ground out 4-3 (Groundball, 13)
|
Bottom of the 8th over - 0 run(s), 1 hit(s), 0 error(s), 1 left on base; Louisville 7 - Houston 2 |
TOP OF THE 9TH |
Louisville BC batting - Pitching for Houston 1837 BBC : LHP Brian Wheeler
|
Pitching: RHP Travis Hall
|
|
Now at 1B: Bob Sargent
|
|
Now at 2B: Kumanosuke Abe
|
|
Now in LF: Brad Lawrence
|
|
Batting: RHB Noriaki Okada
|
0-0: Ground out 6-3 (Groundball, 6)
|
Batting: RHB Chi-ju Zhang
|
0-0: Ball 1-0: Called Strike 1-1: Ball 2-1: DOUBLE (Line Drive, 8LXD)
|
Batting: LHB Joram Nelen
|
0-0: Swinging Strike 0-1: DOUBLE (Line Drive, 78D) Chi-ju Zhang scores
|
Batting: LHB Arturo Acevedo
|
0-0: Called Strike 0-1: Fly out, F6 (Popup, 6D)
|
Batting: SHB Adrián Pueblo
|
0-0: Called Strike 0-1: Called Strike 0-2: Foul Ball, location: 2F 0-2: Strikes out swinging
|
Top of the 9th over - 1 run(s), 2 hit(s), 0 error(s), 1 left on base; Louisville 8 - Houston 2 |
BOTTOM OF THE 9TH |
Houston 1837 BBC batting - Pitching for Louisville BC : RHP Antonio Godfrey
|
Pinch Hitting: SHB Jason Alexander
|
0-0: Ball 1-0: Foul Ball, location: 2F 1-1: Ball 2-1: Foul Ball, location: 2F 2-2: Strikes out swinging
|
Pinch Hitting: LHB Mike Hanson
|
0-0: Called Strike 0-1: Called Strike 0-2: Ball 1-2: Ground out 3-1 (Groundball, 34)
|
Pinch Hitting: RHB Eric Randolph
|
0-0: Swinging Strike 0-1: Ball 1-1: Ball 2-1: Foul Ball, location: 2F 2-2: Strikes out swinging
|
Bottom of the 9th over - 0 run(s), 0 hit(s), 0 error(s), 0 left on base; Louisville 8 - Houston 2 |
|